 Dungeon Crawl Stone Soup version 0.30.1-11-g7821555f0a (webtiles) character file.

Game seed: 17951904510014977795

2266 eliilek the Protected (level 9, 0/79 HPs)
             Began as a Minotaur Fighter on Dec 12, 2023.
             Was a Believer of Ru.
             Slain by an ice beast (13 damage)
             ... on level 7 of the Dungeon.
             The game lasted 00:11:23 (5446 turns).

eliilek the Protected (Minotaur Fighter)            Turns: 5446, Time: 00:11:24

Health: 0/79       AC: 13    Str: 23    XL:     9   Next: 16%
Magic:  2/2        EV: 10    Int:  5    God:    Ru [**....]
Gold:   344        SH:  5    Dex: 12    Spells: 8/8 levels left

rFire   . . .        a - +2 hand axe (antimagic)
rCold   . . .        c - +0 buckler
rNeg    . . .        t - +0 chain mail
rPois   .            (helmet restricted)
rElec   .            (no cloak)
rCorr   .            e - +0 pair of gloves
SInv    .            (no boots)
Will    .....        (no amulet) Stlth
                     (no ring)
HPRegen 0.33/turn    (no ring)
MPRegen 0.08/turn

%: no passive effects
@: no status effects
A: horns 2, inability to use devices, retaliatory headbutt
a: Renounce Religion


You were on level 7 of the Dungeon.
You worshipped Ru.
Ru was pleased with you.
You visited 1 branch of the dungeon, and saw 7 of its levels.

You collected 416 gold pieces.
You spent 72 gold pieces at shops.

Inventory:

Hand Weapons
 a - a +2 antimagic hand axe (weapon)
Armour
 c - a +0 buckler (worn)
 e - a +0 pair of gloves (worn)
 t - a +0 chain mail (worn)
Scrolls
 b - a scroll of silence {unknown}
 d - 2 scrolls of noise {unknown}
 g - 3 scrolls of fear
 j - 4 scrolls of teleportation
 k - 2 scrolls of vulnerability {unknown}
 n - 2 scrolls of immolation {unknown}
 o - 3 scrolls of blinking {unknown}
 q - 3 scrolls of enchant weapon {unknown}
 u - a scroll of poison {unknown}
 x - 2 scrolls of enchant armour {unknown}
 y - 2 scrolls of brand weapon {unknown}
 C - 2 scrolls of fog {unknown}
Potions
 f - a potion of cancellation {unknown}
 h - 2 potions of haste
 i - a potion of lignification {unknown}
 l - a potion of heal wounds {unknown}
 p - a potion of ambrosia {unknown}
 r - a potion of degeneration {unknown}
 v - a potion of flight
 w - a potion of curing
 z - a potion of mutation {unknown}
 A - 2 potions of magic {unknown}
 B - a potion of invisibility
 D - a potion of might


   Skills:
 + Level 7.4 Fighting
 - Level 2.4 Maces & Flails
 * Level 10.0 Armour
 + Level 5.7 Dodging
 + Level 7.5 Shields


You had 8 spell levels left.
You didn't know any spells.
Your spell library contained the following spells:

 Spells                   Type           Power      Damage    Failure   Level
 Magic Dart               Conj           0%         1d3       96%         1
 Necrotise                Necr           0%         1d4       96%         1
 Sandblast                Erth           0%         2d4       96%         1
 Call Imp                 Summ           0%         N/A       99%         2
 Passwall                 Tmut/Erth      0%         N/A       99%         2
 Sublimation of Blood     Necr           0%         N/A       99%         2
 Frozen Ramparts          Ice            0%         1d1       100%        3
 Mephitic Cloud           Conj/Pois/Air  0%         N/A       100%        3
 Stone Arrow              Conj/Erth      0%         3d7       100%        3
 Vampiric Draining        Necr           0%         2d6       100%        3
 Ice Form                 Ice/Tmut       0%         N/A       100%        4
 Petrify                  Tmut/Erth      0%         N/A       100%        4
 Summon Ice Beast         Ice/Summ       0%         N/A       100%        4
 Agony                    Necr           0%         N/A       100%        5
 Irradiate                Conj/Tmut      0%         3d11      100%        5
 Summon Mana Viper        Hex/Summ       0%         N/A       100%        5
 Monstrous Menagerie      Summ           0%         N/A       100%        7


Dungeon Overview and Level Annotations

Branches:
Dungeon (7/15)             Temple (0/1) D:5

Altars:
Dithmenos
Makhleb
Ru
Uskayaw
Yredelemnul

Shops:
D:4 (!


Innate Abilities, Weirdness & Mutations

You have a pair of horns on your head.
You cannot study or use magical devices.
You reflexively headbutt those who attack you in melee.


Message History

You hit the ice beast. You hit the sky beast. The sky beast hits you.
The sky beast shocks you.
The ice beast hits you but does no damage.
Your Armour skill increases to level 10!
Unknown command.
You closely miss the sky beast.
The sky beast is lightly wounded.
You hit the ice beast but do no damage.
The ice beast hits you but does no damage.
The sky beast barely misses you. The ice beast closely misses you.
The sky beast hits you. The sky beast shocks you.
You barely miss the sky beast.
The sky beast is lightly wounded.
You hit the ice beast but do no damage.
The ice beast stops glowing.
The ice beast hits you. The ice beast freezes you!
* * * LOW HITPOINT WARNING * * *
You block the sky beast's attack.
You completely miss the sky beast.
The sky beast is lightly wounded.
You hit the ice beast.
The ice beast hits you but does no damage.
The sky beast hits you.
* * * LOW HITPOINT WARNING * * *
The sky beast shocks you.
* * * LOW HITPOINT WARNING * * *
You closely miss the sky beast. Your headbutt misses the sky beast.
The sky beast is lightly wounded.
You closely miss the ice beast.
The sky beast flickers out of sight!
Deactivating autopickup; reactivate with Ctrl-A.
You block something's attack.
The ice beast hits you but does no damage.
Unknown command.
You hit the ice beast.
The ice beast is heavily wounded.
You hit something.
A sky beast appears from thin air!
Reactivating autopickup.
The sky beast closely misses you. The ice beast hits you.
* * * LOW HITPOINT WARNING * * *
The ice beast freezes you!
You die...

#.######
#.##...#
#.#...!# #
#.#....#
#.#.#....#
#........#
###.##.(.#
...##...######
##.###.@......?
#. #.YY##<.##
## ....... ...
#..♣♣♣...♣ ♣.
#.♣ ♣.♣# #. .♣
# .♣ ♣.


You could see an ice beast and a sky beast.

Vanquished Creatures
  Sigmund (D:2)
  3 yaks (D:6)
  The ghost of Eryximachus the Conjurer, an amateur OpHW (D:4)
  A water moccasin (D:5)
  3 black bears
  2 phantoms (D:6)
  A bullfrog (D:5)
  3 scorpions
  A howler monkey (D:6)
  A centaur zombie (D:4)
  A jelly (D:6)
  2 gnoll boudas
  3 hounds
  A sleepcap (D:7)
  Jessica (D:3)
  Natasha (thrice) (D:3)
  3 iguanas (D:7)
  2 orc wizards
  A hound zombie (D:4)
  14 gnolls
  6 adders
  5 ufetubi
  2 worms
  3 dart slugs
  7 orcs
  9 ball pythons
  9 endoplasms
  6 giant cockroaches
  9 goblins
  4 hobgoblins
  4 quokkas
  3 bats
  A frilled lizard (D:1)
  6 kobolds
  6 rats
128 creatures vanquished.

Notes
Turn   | Place    | Note
-------+----------+-------------------------------------------
     0 | D:1      | eliilek the Minotaur Fighter began the quest for the Orb.
     0 | D:1      | Reached XP level 1. HP: 19/19 MP: 0/0
    94 | D:1      | Reached skill level 4 in Armour
    94 | D:1      | Reached XP level 2. HP: 8/27 MP: 1/1
   369 | D:1      | Reached skill level 1 in Dodging
   462 | D:1      | Reached XP level 3. HP: 33/33 MP: 2/2
  1028 | D:2      | Noticed Sigmund
  1046 | D:2      | Killed Sigmund
  1047 | D:2      | Reached skill level 5 in Armour
  1047 | D:2      | Reached XP level 4. HP: 26/41 MP: 1/3
  1047 | D:2      | Reached XP level 5. HP: 29/47 MP: 1/4
  1789 | D:3      | Noticed Jessica
  1795 | D:3      | Killed Jessica
  1796 | D:3      | Reached XP level 6. HP: 55/55 MP: 1/5
  1888 | D:3      | Noticed Natasha
  1902 | D:3      | Killed Natasha
  1903 | D:3      | Reached skill level 5 in Fighting
  1903 | D:3      | Reached skill level 6 in Armour
  1903 | D:3      | Reached skill level 5 in Shields
  1985 | D:3      | Noticed Natasha
  1992 | D:3      | Killed Natasha
  2148 | D:3      | Noticed Natasha
  2157 | D:3      | Killed Natasha
  2520 | D:4      | Found a runed translucent gate.
  2520 | D:4      | Found a runed translucent gate.
  2520 | D:4      | Found a runed translucent gate.
  2520 | D:4      | Noticed Eryximachus's ghost (amateur OpHW)
  2523 | D:4      | Found a basalt altar of Yredelemnul.
  2553 | D:4      | Found Uhuggoe's Distillery.
  2575 | D:4      | Bought a potion of flight for 36 gold pieces
  2575 | D:4      | Bought a potion of curing for 36 gold pieces
  2676 | D:4      | Found a hide-covered altar of Uskayaw.
  2681 | D:4      | Found a shadowy altar of Dithmenos.
  2682 | D:4      | Found a sacrificial altar of Ru.
  2687 | D:4      | Became a worshipper of Ru the Awakened
  2706 | D:4      | Found Gietuxin's Weapon Emporium.
  2741 | D:4      | Reached XP level 7. HP: 41/61 MP: 2/6
  3100 | D:4      | Killed Eryximachus's ghost
  3101 | D:4      | Reached skill level 7 in Armour
  3152 | D:5      | Entered Level 5 of the Dungeon
  3572 | D:5      | Gained mutation: You cannot study or use magical devices.
                  | [Ru sacrifice]
  3572 | D:5      | Reached * piety under Ru
  3572 | D:5      | Reached ** piety under Ru
  3621 | D:5      | Found a staircase to the Ecumenical Temple.
  3944 | D:6      | Reached XP level 8. HP: 70/70 MP: 2/7
  3948 | D:6      | Reached skill level 8 in Armour
  4231 | D:6      | Identified the +1 ring mail "Noenalus" {rF+ Dex+4}
  4359 | D:6      | Reached skill level 9 in Armour
  4359 | D:6      | Reached skill level 5 in Dodging
  4558 | D:6      | Found a burning altar of Makhleb.
  4782 | D:6      | Identified the +6 spear of Dissent {heavy, *Noise Str+5
                  | Int+3}
  4890 | D:7      | Reached XP level 9. HP: 64/79 MP: 2/8
  5442 | D:7      | Reached skill level 10 in Armour
  5446 | D:7      | Slain by an ice beast

Illustrated notes

Levels and vault maps discovered:
D:1:      evilmike_arrival_crescent, layout_loops_ring,
          minmay_stone_trees_small, minmay_tromino_i2
D:2:      layout_loops_ring, st_stairs_7, glass_columns_b, uniq_sigmund
D:3:      layout_loops_ring, minmay_checkerbox, uniq_jessica, uniq_natasha
D:4:      layout_loops_ring, nicolae_yredelemnul_ghost_church, minitemple,
          serial_shops, nicolae_shop_bloodbath_and_beyond,
          nicolae_shop_tiny_glass
D:5:      layout_cave_pools, temple_doors_e, minivault_1,
          hangedman_abyss_or_decor_stabs, grunt_ministairs_8
D:6:      layout_basic, nicolae_overflow_hidden_temple, st_stairs_12
D:7:      layout_basic, st_stairs_1, minmay_stone_trees_medium

Skill      XL: |  1  2  3  4  5  6  7  8  9 |
---------------+----------------------------+-----
Armour         | 4 5 6 7 9 10 | 10.0
Dodging        | 1 2 3 4 5 |  5.7
Shields        | 4 5 6 7 |  7.5
Fighting       | 4 5 6 7 |  7.4
Maces & Flails | |  2.4

Action                     |  1- 3 |  4- 6 |  7- 9 || total
---------------------------+-------+-------+-------++-------
  Melee: Flail             |    35 |       |       ||    35
         Headbutt          |    14 |    19 |    40 ||    73
         Hand axe          |    35 |   115 |   227 ||   377
 Invoke: Sacrifice Artific |       |       |     1 ||     1
    Use: Potion            |     1 |       |       ||     1
         Scroll            |       |       |     6 ||     6
 Armour: Scale mail        |    28 |    22 |       ||    50
         Chain mail        |       |    50 |   135 ||   185
  Dodge: Dodged            |    26 |    59 |   111 ||   196
  Block: Buckler           |     9 |    32 |    52 ||    93
